 Dungeon Crawl Stone Soup version 0.31-a0-424-g41b3b0883d (webtiles) character file.

Game seed: 14358527296328622978

2379 Morbidden the Skirmisher (level 9, -2/68 HPs)
             Began as a Formicid Hunter on July 29, 2023.
             Was an Initiate of Cheibriados.
             Killed from afar by an electric eel (5 damage)
             ... with a bolt of electricity
             ... on level 7 of the Dungeon.
             The game lasted 00:07:58 (8508 turns).

Morbidden the Skirmisher (Formicid Hunter)          Turns: 8508, Time: 00:07:59

Health: -2/68      AC: 12    Str: 18    XL:     9   Next: 73%
Magic:  9/9        EV: 17    Int:  9    God:    Cheibriados [......]
Gold:   488        SH:  0    Dex: 22    Spells: 8/8 levels left

rFire   . . .        a - +1 shortbow
rCold   . . .        (no shield)
rNeg    . . .        w - +1 scale mail
rPois   .            (helmet unavailable)
rElec   .            (cloak currently unavailable)
rCorr   .            (gloves currently unavailable)
SInv    +            (boots currently unavailable)
Will    .....        (no amulet)
Stlth   +            v - +4 ring of protection
HPRegen 0.31/turn    r - +5 ring of evasion
MPRegen 0.11/turn

%: no passive effects
@: beast-form, very slow
A: beast (slay +0), permanent stasis, dig shafts and tunnels, antennae 3, four
strong arms
a: Dig, Shaft Self, Begin Untransformation, Renounce Religion


You were on level 7 of the Dungeon.
You worshipped Cheibriados.
Cheibriados was noncommittal.
You were a hulking beast.
You visited 2 branches of the dungeon, and saw 8 of its levels.
You also visited: Ossuary.

You collected 488 gold pieces.

Inventory:

Hand Weapons
 a - a +1 shortbow (weapon)
 b - a +0 long sword
 G - a +1 dagger of electrocution
Missiles
 e - 2 curare-tipped darts
Armour
 t - the +0 scale mail of Hickeduh {rF+ SInv}
   (You found it on level 6 of the Dungeon)

   rF:        It protects you from fire.
   SInv:      It lets you see invisible.
 w - a +1 scale mail (worn)
Jewellery
 r - a +5 ring of evasion (right hand)
 s - a ring of willpower
 v - a +4 ring of protection (left hand)
 D - a ring of protection from cold
Talismans
 y - a beast talisman (active)
Wands
 o - a wand of polymorph (24)
 E - a wand of flame (14)
Scrolls
 c - 3 scrolls of identify
 f - 2 scrolls of revelation
 h - a scroll of butterflies
 p - 3 scrolls of fog
 A - a scroll of fear
 B - a scroll of enchant armour
 F - a scroll of enchant weapon
Potions
 d - 5 potions of heal wounds
 g - a potion of invisibility {unknown}
 i - a potion of lignification
 j - a potion of enlightenment {unknown}
 k - 4 potions of brilliance {unknown}
 l - 3 potions of haste {unknown}
 m - 4 potions of mutation {unknown}
 n - a potion of attraction {unknown}
 q - 2 potions of curing {unknown}
 u - a potion of degeneration {unknown}
 z - 2 potions of berserk rage {unknown}


   Skills:
 * Level 5.2 Fighting
 * Level 6.0 Long Blades
 * Level 8.7 Ranged Weapons
 * Level 4.4 Armour
 * Level 3.6 Dodging
 + Level 1.8 Stealth
 * Level 0.1 Invocations
 * Level 1.2 Shapeshifting


You had 8 spell levels left.
You didn't know any spells.
Your spell library contained the following spells:

 Spells                   Type           Power      Damage    Failure   Level
 Foxfire                  Conj/Fire      0%         2x1d4     77%         1
 Magic Dart               Conj           0%         1d3       77%         1
 Shock                    Conj/Air       0%         1d3       77%         1
 Call Imp                 Summ           0%         N/A       88%         2
 Ensorcelled Hibernation  Hex/Ice        0%         N/A       88%         2
 Passwall                 Tmut/Erth      0%         N/A       88%         2
 Mephitic Cloud           Conj/Pois/Air  0%         N/A       98%         3
 Airstrike                Air            0%         2d(0-16)  100%        4
 Plasma Beam              Fire/Air       0%         2x1d10    100%        6
 Starburst                Conj/Fire      0%         6d3       100%        6
 Swiftness                Air            Unusable   N/A       N/A         3

Dungeon Overview and Level Annotations

Branches:
Dungeon (7/15)             Temple (1/1) D:4         Ossuary (visited)

Altars:
Ashenzari
Cheibriados
Dithmenos
Elyvilon
Fedhas
Gozag
Hepliaklqana
Kikubaaqudgha
Makhleb
Nemelex Xobeh
Okawaru
Qazlal
Ru
Sif Muna
Trog
Vehumet
Wu Jian
Xom
Yredelemnul
Zin
The Shining One

Shops:
D:6 *


Innate Abilities, Weirdness & Mutations

You are a hulking beast.
Your limbs bulge with bestial killing power. (Slay +0)
You cannot be hasted, slowed, berserked, paralysed or teleported.
You can dig through walls and to a lower floor.
You have a pair of large antennae on your head. (SInv)
Your four strong arms can wield two-handed weapons with a shield.


Message History

No target in view!
No target in view!
You start resting.
A bullfrog is nearby!
You shoot an arrow. The arrow barely misses the bullfrog.
The arrow completely misses the plant.
The bullfrog gives a loud, deep croak!
An efreet comes into view.
It is wielding a +0 scimitar of flaming.
You shoot an arrow. The arrow hits the bullfrog!
The bullfrog is severely wounded.
You hear a bark!
The bullfrog barely misses you.
The bullfrog hits you but does no damage.
You hear a bark!
You shoot an arrow. The arrow closely misses the bullfrog.
The bullfrog misses you. The bullfrog barely misses you.
Okay, then.
As you read the scroll labelled LUENA IBEOH, it crumbles to dust.
The creatures around you are filled with an inner flame!
It was a scroll of immolation.
The bullfrog closely misses you.
Unknown command.
As you read the scroll labelled ESIDIATENE, it crumbles to dust.
Your body is wracked with pain!
The bullfrog convulses!
Flame seeps out of the bullfrog.
The hound convulses!
Flame seeps out of the hound.
It was a scroll of torment.
The hound is engulfed in blazing flames.
Flame seeps out of the hound.
The bullfrog is engulfed in blazing flames.
Cheibriados thoroughly appreciates the change of pace.
The bullfrog explodes!
The fiery explosion engulfs you!!
* * * LOW HITPOINT WARNING * * *
The fiery explosion engulfs the hound!!
Cheibriados appreciates the change of pace.
The tree burns like a torch!
The hound explodes!
A hound comes into view.
The electric eel shoots out a bolt of lightning at you!
The bolt of electricity hits you.
You die...

.#_...##..# ###
[#...._#..#♣♣.♣♣ ♣≈≈≈~~♣.♣
.#_...##..#♣.♣.♣ ≈≈≈≈~~♣.♣
.###.###..#♣.♣.♣#≈≈~~~....
.###.###..#.♣♣♣.#≈~~~.....
..#..#....#.♣.♣.#~~S...h..
#...####..#.♣.♣.#S~...~P#
##.###.##.#.♣.♣.#§§§.~≈#{
##_####......~..h○○§~≈~#
###.#.##.#.♣.♣.#§§§.~≈#
#.#.###)#.♣.♣.#S~R☼°°P#
##.#.# #)#.♣.♣.#~~~....☼.
##....###.#.♣♣♣.#≈~~~.....
#.#...##..#♣.♣.♣#≈≈~~~....
##.#..##..#♣.♣.♣ ≈≈≈≈~~♣.♣
##.......#♣♣.♣♣ ♣≈≈≈~~♣.♣
#.....#..####### #


You could see an efreet (inner flame), a hound and 3 electric eels.

Vanquished Creatures
  A water moccasin (D:7)
  An orc warrior (D:7)
  An ice beast (D:5)
  A sky beast (D:4)
  2 ogres
  A centaur (D:6)
  2 phantoms
  5 elf zombies (Ossuary)
  4 bullfrogs
  A gnoll sergeant (D:7)
  A scorpion (D:7)
  3 centaur zombies (Ossuary)
  2 orc priests (D:6)
  6 hounds
  4 human zombies (Ossuary)
  3 iguanas
  Ijyb (D:3)
  2 sleepcaps
  4 orc wizards
  3 mummies (Ossuary)
  Robin (D:3)
  10 adders
  2 ufetubi
  A worm (D:3)
  A dart slug (D:2)
  18 orcs
  6 ball pythons
  3 bats
  7 endoplasms
  3 giant cockroaches
  15 goblins
  6 hobgoblins
  6 kobolds
  4 quokkas
  5 frilled lizards
  8 rats
144 creatures vanquished.

Vanquished Creatures (others)
  An adder (D:4)
1 creature vanquished.

Grand Total: 145 creatures vanquished

Notes
Turn   | Place    | Note
-------+----------+-------------------------------------------
     0 | D:1      | Morbidden the Formicid Hunter began the quest for the Orb.
     0 | D:1      | Reached XP level 1. HP: 16/16 MP: 1/1
   118 | D:1      | Reached XP level 2. HP: 22/22 MP: 2/2
   788 | D:2      | Reached skill level 1 in Armour
   788 | D:2      | Reached XP level 3. HP: 17/27 MP: 3/3
  1292 | D:2      | Reached XP level 4. HP: 32/34 MP: 4/4
  1624 | D:3      | Noticed Robin
  1625 | D:3      | Reached skill level 5 in Ranged Weapons
  1637 | D:3      | You fall into a shaft and drop 2 floors!
  1637 | D:5      | Entered Level 5 of the Dungeon
  1845 | D:5      | Noticed an ice beast
  2140 | D:4      | Noticed a phantom
  2151 | D:4      | Killed a phantom
  2152 | D:4      | Reached XP level 5. HP: 34/39 MP: 5/5
  2277 | D:4      | Found a staircase to the Ecumenical Temple.
  2315 | Temple   | Entered the Ecumenical Temple
  2824 | D:3      | Found a glowing golden altar of the Shining One.
  2867 | D:3      | Reached skill level 1 in Long Blades
  2950 | D:3      | Noticed Ijyb
  2961 | D:3      | Killed Ijyb
  2962 | D:3      | Reached XP level 6. HP: 44/46 MP: 6/6
  3101 | D:3      | Killed Robin
  3102 | D:3      | Reached skill level 6 in Ranged Weapons
  3408 | D:4      | Noticed a sky beast
  3428 | D:4      | Killed a sky beast
  3896 | D:4      | Found a broken altar of Ashenzari.
  4327 | D:5      | Reached XP level 7. HP: 52/52 MP: 7/7
  4499 | D:5      | Reached skill level 7 in Ranged Weapons
  5631 | D:6      | Found Zin's Purification Station.
  5633 | D:6      | Found a glowing silver altar of Zin.
  5653 | D:6      | Found a sand-covered staircase.
  5682 | D:6      | Reached XP level 8. HP: 37/60 MP: 8/8
  5685 | D:6      | Identified the +0 scale mail of Hickeduh {rF+ SInv}
  5749 | Ossuary  | Entered an ossuary
  6135 | Ossuary  | Reached skill level 8 in Ranged Weapons
  6308 | D:6      | Reached XP level 9. HP: 64/66 MP: 9/9
  6376 | D:6      | Found a stormy altar of Qazlal.
  6522 | D:6      | Reached skill level 5 in Long Blades
  7497 | D:7      | Reached skill level 5 in Fighting
  8052 | D:7      | Reached skill level 1 in Shapeshifting
  8394 | D:7      | Found a blossoming altar of Fedhas.
  8394 | D:7      | Found an iron altar of Okawaru.
  8402 | D:7      | Found a shadowy altar of Dithmenos.
  8404 | D:7      | Found a snail-covered altar of Cheibriados.
  8406 | D:7      | Found an opulent altar of Gozag.
  8410 | D:7      | Became a worshipper of Cheibriados the Contemplative
  8504 | D:7      | Noticed an efreet
  8508 | D:7      | HP: 3/68 [spore (29)]
  8508 | D:7      | Killed from afar by an electric eel

Illustrated notes

Levels and vault maps discovered:
D:1:      minmay_arrival_arboretum_large, layout_loops_ring
D:2:      layout_loops_ring, minmay_pentomino_v4
D:3:      layout_loops_corners, mainiacjoe_overflow_alcove_2,
          nicolae_twisty_statue_hallways, uniq_ijyb, uniq_robin
D:4:      layout_loops_corners, lemuel_crystal_altar,
          minmay_temple_entry_purple_smoke, lemuel_flame_loot_1
D:5:      layout_loops_ring, kennysheep_generic_room_7
D:6:      layout_loops_corners, zin_purify, nicolae_qazlal_style_of_elements,
          nicolae_ossuary_entry_false_entrances, chequers_garden
D:7:      nzn_winding_woodlands_cross [nzn_winding_woodlands_5x15_longhouse,
          nzn_winding_woodlands_5x15_pockets,
          nzn_winding_woodlands_5x15_default, nzn_winding_woodlands_5x15_eye,
          nzn_winding_woodlands_15x15_eel_pit], layout_loops_ring,
          chequers_temple_overflow_minitemple
Temple:   chequers_temple_sunken

Skill      XL: |  1  2  3  4  5  6  7  8  9 |
---------------+----------------------------+-----
Armour         | 1 2 3 4 |  4.4
Dodging        | 2 3 |  3.6
Ranged Weapons | 5 6 7 8 |  8.7
Long Blades    | 1 2 4 6 |  6.0
Fighting       | 3 4 5 |  5.2
Shapeshifting  | 1 |  1.2
Stealth        | |  1.8
Invocations    | |  0.1

Action                     |  1- 3 |  4- 6 |  7- 9 || total
---------------------------+-------+-------+-------++-------
  Melee: Long sword        |       |       |   295 ||   295
         Punch             |       |       |     4 ||     4
   Fire: Shortbow          |    90 |   171 |   191 ||   452
Ability: Shaft Self        |       |     1 |       ||     1
    Use: Scroll            |     2 |     6 |     5 ||    13
         Potion            |       |     2 |       ||     2
 Armour: Leather armour    |    10 |    20 |     6 ||    36
         Skin              |       |    40 |       ||    40
         Scale mail        |       |       |    95 ||    95
  Dodge: Dodged            |    21 |    48 |   311 ||   380
   Form: Beast             |       |       |     1 ||     1

Table legend: (Time is in decaauts)
 A = Elapsed time spent in this place.
 B = Non-inter-level travel time spent in this place.
 C = Inter-level travel time spent in this place.
 D = Time resting spent in this place.
 E = Time spent auto-exploring this place.
 F = Levels seen in this place.
 G = Mean time per level.
                   A        B        C        D        E       F      G
               +--------+--------+--------+--------+--------+-----+--------+
         Total |   8636 |   8352 |    284 |   2147 |   4715 |   9 |  959.6 |
       Dungeon |   8067 |   7783 |    284 |   2095 |   4520 |   7 | 1152.4 |
        Temple |      4 |      4 |      0 |      0 |      0 |   1 |    4.0 |
       Ossuary |    563 |    563 |      0 |     52 |    195 |   1 |  563.0 |
               +--------+--------+--------+--------+--------+-----+--------+

Top non-repeatable levels by time:
     D:5: 1699 daAuts
     D:4: 1270 daAuts
     D:6: 1260 daAuts
     D:7: 1168 daAuts
     D:3: 1132 daAuts
     D:1: 772 daAuts
     D:2: 763 daAuts
 Ossuary: 563 daAuts
  Temple: 4 daAuts
